 Dungeon Crawl Stone Soup version 0.28-a0-32-g8dfe7f97f6 (webtiles) character file.

Game seed: 1035152102208808455

170 dracfodder the Chopper (level 5, -17/49 HPs)
             Began as a Gargoyle Berserker on July 27, 2021.
             Was a Believer of Trog.
             Demolished by an ogre (22 damage)
             ... on level 4 of the Dungeon.
             The game lasted 00:09:46 (2532 turns).

dracfodder the Chopper (Gargoyle Berserker)         Turns: 2532, Time: 00:09:47

Health: -17/49     AC:  7    Str: 22    XL:     5   Next: 51%
Magic:  5/5        EV: 11    Int: 13    God:    Trog [**....]
Gold:   141        SH:  0    Dex:  7    Spells: 4/4 levels left

rFire   . . .      SeeInvis .   a - +1 hand axe (freeze)
rCold   + . .      Faith    .   (no shield)
rNeg    + . .      Spirit   .   g - +0 leather armour
rPois   ∞          Reflect  .   (no helmet)
rElec   +          Harm     .   (no cloak)
rCorr   .          Rampage  .   (no gloves)
Will    ++...                   (no boots)
Stlth   ..........              (no amulet)
HPRegen 1.16/turn               e - ring of protection from cold
MPRegen 0.09/turn               i - +6 ring of intelligence

@: berserking, strong-willed (expiring), unable to read, regenerating
(expiring), very quick
A: sickness immunity, AC +4, negative energy resistance 1, electricity
resistance, torment resistance 1, petrification resistance, clumsy 1, high mp 1,
wild magic 1, inability to read while threatened
a: Renounce Religion, Berserk, Trog's Hand


You were on level 4 of the Dungeon.
You worshipped Trog.
Trog was pleased with you.
You visited 1 branch of the dungeon, and saw 4 of its levels.

You collected 141 gold pieces.

Inventory:

Hand Weapons
 a - a +1 hand axe of freezing (weapon)
 b - a +0 hunting sling
Missiles
 c - 44 stones (quivered)
 d - 8 javelins
 f - 43 bolts
Armour
 g - a +0 leather armour (worn)
Jewellery
 e - a ring of protection from cold (left hand)
 i - a +6 ring of intelligence (right hand)
Potions
 h - 3 potions of curing
 j - 2 potions of heal wounds
 k - 2 potions of flight
 l - a potion of degeneration {unknown}


   Skills:
 + Level 4.2 Fighting
 + Level 4.3 Axes
 + Level 2.6 Armour
 + Level 2.3 Dodging
 + Level 1.0 Stealth


You had 4 spell levels left.
You didn't know any spells.
Your spell library was empty.

Dungeon Overview and Level Annotations

Branches:
Dungeon (4/15)
 Temple: D:4-7

Altars:
Elyvilon


Innate Abilities, Weirdness & Mutations

You are immune to sickness and miasma.
Your stone body is resilient. (AC +4)
You are immune to poison.
You resist negative energy. (rN+)
You are resistant to electric shocks. (rElec)
You are resistant to unholy torment.
You are immune to petrification.
You are clumsy. (Dex -2)
You have an increased reservoir of magic. (+10% MP)
Your spells are a little harder to cast, but a little more powerful.
You sometimes lose the ability to read scrolls when taking damage.


Message History

No target in view!
l - a sedimented coppery potion An ogre comes into view.
It is wielding a +0 giant spiked club.
The ogre shouts!
The ogre moves out of view.
No target in view!
Your skin crawls.
You feel strong-willed.
The ogre hits you with a +0 giant spiked club.
You hit the ogre. You freeze the ogre.
The ogre is lightly wounded.
You hit the ogre. You freeze the ogre.
The ogre is heavily wounded.
The ogre misses you.
You barely miss the ogre.
The ogre is heavily wounded.
The ogre hits you with a +0 giant spiked club!
You barely miss the ogre.
The ogre is heavily wounded.
The ogre closely misses you.
You hit the ogre but do no damage.
The ogre is heavily wounded.
You feel the effects of Trog's Hand fading.
The ogre misses you.
You hit the ogre. You freeze the ogre.
The ogre is heavily wounded.
The ogre hits you with a +0 giant spiked club!!
You feel threatened and lose the ability to read scrolls!
Ouch! That really hurt!
* * * LOW HITPOINT WARNING * * *
You hit the ogre. You freeze the ogre.
The ogre is severely wounded.
The ogre hits you with a +0 giant spiked club.
* * * LOW HITPOINT WARNING * * *
You barely miss the ogre.
The ogre is severely wounded.
A red film seems to cover your vision as you go berserk!
You feel yourself moving faster!
You feel mighty!
The ogre hits you with a +0 giant spiked club!!
You die...

##..#..### ##.
#.......#####..
##..#..........
#..######.....#
#..# ###..##
##.## ##.## ..#
#..# #..#
.....####..#
#..#
......O@..##
#...
..#####.....#
#... ###.....#
##... #........
#....
#..#............
#....##.........
...... ....##..
..#.......## ##.
.....# #.


You could see an ogre.

Vanquished Creatures
  Natasha (thrice) (D:3)
  2 adders
  A gnoll (D:1)
  2 worms (D:2)
  3 dart slugs (D:1)
  3 bats
  3 endoplasms
  2 giant cockroaches
  2 goblins
  5 hobgoblins
  5 jackals (D:1)
  8 kobolds
  3 quokkas
  6 ball pythons
  3 frilled lizards
  4 rats
55 creatures vanquished.

Notes
Turn   | Place    | Note
-------+----------+-------------------------------------------
     0 | D:1      | dracfodder the Gargoyle Berserker began the quest for the
                  | Orb.
     0 | D:1      | Reached XP level 1. HP: 14/14 MP: 1/1
   247 | D:1      | Reached XP level 2. HP: 14/19 MP: 2/2
   511 | D:1      | Reached XP level 3. HP: 24/24 MP: 3/3
  1237 | D:1      | Reached ** piety under Trog
  1483 | D:3      | Reached XP level 4. HP: 29/29 MP: 4/4
  2015 | D:3      | Found a white marble altar of Elyvilon.
  2072 | D:3      | Gained mutation: You have an increased reservoir of magic.
                  | (+10% MP) [potion of mutation]
  2072 | D:3      | Gained mutation: You are clumsy. (Dex -2) [potion of
                  | mutation]
  2072 | D:3      | Gained mutation: You sometimes lose the ability to read
                  | scrolls when taking damage. [potion of mutation]
  2072 | D:3      | Gained mutation: Your spells are a little harder to cast,
                  | but a little more powerful. [potion of mutation]
  2079 | D:3      | Noticed Natasha
  2084 | D:3      | Killed Natasha
  2085 | D:3      | Reached XP level 5. HP: 33/33 MP: 5/5
  2158 | D:3      | Noticed Natasha
  2164 | D:3      | Killed Natasha
  2290 | D:3      | Noticed Natasha
  2296 | D:3      | Killed Natasha
  2297 | D:3      | Reached skill level 1 in Stealth
  2519 | D:4      | Noticed an ogre
  2529 | D:4      | HP: 1/33 [ogre (27)]
  2532 | D:4      | Demolished by an ogre

Illustrated notes

Levels and vault maps discovered:
D:1:      mrwooster_arrival_arrow, layout_loops_corners
D:2:      layout_rooms, chequers_serial_rivers_room_b, feat_on_display
D:3:      layout_rooms, nicolae_overflow_crystal_walls, uniq_natasha
D:4:      layout_layer_cave, kennysheep_little_box, uniq_robin, uniq_menkaure

Skill      XL: |  1  2  3  4  5 |
---------------+----------------+-----
Axes           | 3 4 |  4.3
Dodging        | 2 |  2.3
Fighting       | 4 |  4.2
Stealth        | 1 |  1.0
Armour         | |  2.6

Action                   |  1- 3 |  4- 6 || total
-------------------------+-------+-------++-------
Melee: Hand axe          |    95 |    71 ||   166
Invok: Berserk           |     1 |     2 ||     3
       Trog's Hand       |       |     1 ||     1
  Use: Scroll            |       |    10 ||    10
       Potion            |       |     1 ||     1
Armor: Animal skin       |    18 |       ||    18
       Leather armour    |    17 |    21 ||    38
Dodge: Dodged            |    65 |    31 ||    96

Table legend: (Time is in decaauts)
 A = Elapsed time spent in this place.
 B = Non-inter-level travel time spent in this place.
 C = Inter-level travel time spent in this place.
 D = Time resting spent in this place.
 E = Time spent auto-exploring this place.
 F = Levels seen in this place.
 G = Mean time per level.
                   A        B        C        D        E       F      G
               +--------+--------+--------+--------+--------+-----+--------+
         Total |   2598 |   2470 |    128 |    128 |   1798 |   4 |  649.5 |
       Dungeon |   2598 |   2470 |    128 |    128 |   1798 |   4 |  649.5 |
               +--------+--------+--------+--------+--------+-----+--------+

Top non-repeatable levels by time:
     D:1: 1339 daAuts
     D:2: 607 daAuts
     D:3: 551 daAuts
     D:4: 99 daAuts
